Cogmind - Beta 14 @@@ ROGUE MODE // 2024.10.17 @ 17:15:47 Player: LEWiKK Result: Destroyed by G-47 Trooper with Particle Gun Performance ------------- Evolutions (2) 1000 Regions Visited (3) 600 Robots Destroyed (49) 245 Value Destroyed (1289) 1289 Prototype IDs (1) 20 Alien Tech Used (0) 0 Bonus (51) 51 TOTAL SCORE: 3205 Bonus ------- High Alert Combat Kills 51 Cogmind --------- Core Integrity 0/550 Matter 15/300 Energy 95/100 System Corruption 0% Temperature Cool (9) Movement Core (50) Location -8/Materials Parts ------- > --- POWER (1) -------- (None) > --- PROPULSION (4) --- (None) > --- UTILITY (4) ------ Advanced Targeting Computer Advanced Targeting Computer > --- WEAPON (2) ------- Maul > --- INVENTORY (5) ---- Large Storage Unit Reflective Plating Flak Cannon Peak State ------------ > --- POWER ------------ Light Nuclear Core > --- PROPULSION ------- Aluminum Leg Aluminum Leg > --- UTILITY ---------- Heat Sink Advanced Targeting Computer Advanced Targeting Computer Light Armor Plating > --- WEAPON ----------- Assault Cannon Assault Cannon > --- INVENTORY -------- Large Storage Unit Reflective Plating Minigun Flak Cannon Maul [Rating: 20] Favorites ----------- Power Light Nuclear Core Engine Light Ion Engine Power Core Light Nuclear Core Propulsion Aluminum Leg Leg Aluminum Leg Utility Small Storage Unit Device Heat Sink Storage Small Storage Unit Processor Advanced Targeting Computer Protection Light Armor Plating Weapon Assault Cannon Energy Gun Medium Laser Ballistic Gun Assault Rifle Ballistic Cannon Assault Cannon Impact Weapon Maul Build | -11 -10 -9 -8 ------- Run | Yrd Mat Mat Mat Slots Evolved 4 | . . 2 2 Power . | . . . . Propulsion 2 | . . 1 1 Utility 2 | . . 1 1 Weapon . | . . . . Parts Attached 34 | . 4 14 16 Power 5 | . 1 2 2 Engine 3 | . 1 1 1 Core 2 | . . 1 1 Reactor . | . . . . Propulsion 9 | . . 7 2 Treads . | . . . . Leg 9 | . . 7 2 Wheel . | . . . . Hover . | . . . . Flight . | . . . . Utility 11 | . 2 2 7 Device 4 | . 2 1 1 Storage 2 | . . . 2 Processor 2 | . . 1 1 Hackware . | . . . . Protection 3 | . . . 3 Artifact . | . . . . Weapon 9 | . 1 3 5 Energy Gun 1 | . . 1 . Energy Cannon . | . . . . Ballistic Gun 3 | . 1 . 2 Ballistic Cannon 4 | . . 2 2 Launcher . | . . . . Special Weapon . | . . . . Impact Weapon 1 | . . . 1 Slashing Weapon . | . . . . Piercing Weapon . | . . . . Special Melee Weapon . | . . . . Unidentified Prototypes . | . . . . Parts Lost 24 | . 2 7 15 Power 4 | . 1 1 2 Propulsion 7 | . . 4 3 Utility 7 | . 1 . 6 Weapon 6 | . . 2 4 Highest Loss Streak 7 | . 1 2 7 To Critical Strikes . | . . . . Average Slot Usage (%) 86 | . 97 97 62 Engine 5 | . 14 3 2 Core 4 | . . 7 5 Leg 23 | . 28 31 9 Device 8 | . 12 9 2 Storage 10 | . 14 11 7 Processor 7 | . . 10 10 Protection 2 | . . . 7 Energy Gun 8 | . 14 11 1 Ballistic Gun 5 | . 14 . 6 Ballistic Cannon 7 | . . 10 10 Peak Build Rating 20 | . 7 16 20 Average Rating 13 | . 6 15 15 On Entrance 8 | 6 6 6 14 Naked Turns . | . . . . Heaviest Build 25 | 10 12 20 25 Greatest Support 30 | 20 20 30 20 Greatest Overweight (x) 3 | . . 1 3 Average Overweight (x) . | . . . 1 Largest Inventory Capacity 15 | . 8 8 15 Average Capacity 7 | . 8 8 7 Most Carried 8 | . 8 8 8 Average Carried 7 | . 7 7 6 Final Capacity 8 | 8 8 8 5 Final Carried 8 | 6 8 6 3 Class Distribution -------------------- 67% | Mutant 32% | Scavenger-Mutant Dominant Class ---------------- Mutant | -10/Materials Scavenger-Mutant | -9/Materials Mutant | -8/Materials Resources | -11 -10 -9 -8 ----------- Run | Yrd Mat Mat Mat Matter Collected 945 | 200 134 287 324 Remotely . | . . . . Salvage Created 1225 | . 265 578 382 Parts 88 | . 19 33 36 Haulers Intercepted 1 | . 1 . . Recyclers Shooed 1 | . . . 1 Parts Field Recycled . | . . . . Retrieved Matter . | . . . . Parts Self-Destructed . | . . . . Prevented . | . . . . Kills | -11 -10 -9 -8 ------- Run | Yrd Mat Mat Mat Combat Hostiles Destroyed 47 | . 9 19 19 Guns 16 | . 8 6 2 Cannons 29 | . . 13 16 AOE 2 | . 1 . 1 Classes Destroyed 6 | . 3 1 2 Hauler 1 | . 1 . . Recycler 1 | . . . 1 Swarmer 23 | . 6 4 13 Grunt 11 | . 3 6 2 Sentry 12 | . . 9 3 Hunter 1 | . . . 1 Best Kill Streak 10 | . 3 4 10 Combat Bots Only 9 | . 3 4 9 Max Kills in Single Turn 2 | . 1 1 2 Gunslinging . | . . . . Exploded 1 | . 1 . 1 Melee . | . . . . Uniques/NPCs Destroyed . | . . . . Combat | -11 -10 -9 -8 -------- Run | Yrd Mat Mat Mat Hostile Shots Fired 404 | . 85 112 207 Missed 120 | . 27 25 68 Damage Taken 3600 | . 504 1203 1893 Core 1001 | . 128 318 555 Absorbed by Shields . | . . . . Core Remaining (%) 56 | 100 48 20 . Volleys Fired 153 | . 45 62 46 Largest 2 | . 2 2 2 Hottest 94 | . 60 94 88 Shots Fired 295 | . 84 121 90 Gun 175 | . 84 59 32 Cannon 120 | . . 62 58 Launcher . | . . . . Special . | . . . . Kinetic 197 | . 45 62 90 Thermal 98 | . 39 59 . Explosive . | . . . . Electromagnetic . | . . . . Robot Hit Streak 18 | . 5 18 15 Robot Miss Streak 7 | . 7 4 2 Penetration Max . | . . . . Secondary Targets 1 | . 1 . . Max Gunslinging Chain 1 | . 1 . . Shots Hit Robots 191 | . 37 90 64 Core Hits 65 | . 15 29 21 Critical Kills . | . . . . Critical Parts Destroyed 1 | . . . 1 Critical Strikes 10 | . . 5 5 Burn 2 | . . 2 . Blast 7 | . . 3 4 Smash 1 | . . . 1 Melee Attacks 1 | . . . 1 Impact 1 | . . . 1 Slashing . | . . . . Piercing . | . . . . Sneak Attacks . | . . . . Combat Hostiles . | . . . . Follow-up Attacks . | . . . . Damage Inflicted 3554 | . 552 1684 1318 Guns 1376 | . 458 563 355 Cannons 2042 | . . 1104 938 Explosions 76 | . 76 . . Melee 25 | . . . 25 Ramming 35 | . 18 17 . Kinetic 2617 | . 220 1104 1293 Thermal 801 | . 238 563 . Explosive . | . . . . Electromagnetic 76 | . 76 . . Impact 25 | . . . 25 Slashing . | . . . . Piercing . | . . . . Highest Corruption . | . . . . Average Corruption . | . . . . Corruption Purged . | . . . . Corruption Blocked . | . . . . Overload Shots . | . . . . Overflow Damage 53 | . . 15 38 Projectiles 53 | . . 15 38 Explosions . | . . . . Melee . | . . . . Knockbacks 22 | . . 9 13 Impact 1 | . . 1 . Kinetic 18 | . . 7 11 Secondary 3 | . . 1 2 Self-Inflicted Damage . | . . . . Shots . | . . . . Rammed . | . . . . Targets Rammed 9 | . 4 5 . Kicked 9 | . 4 5 . Crushed . | . . . . Highest Temperature 137 | . 54 97 137 Average Temperature 36 | . 23 39 39 Received Heat Transfer 1131 | . 102 471 558 Siege Activations . | . . . . Robots Corrupted . | . . . . Combat Hostiles . | . . . . Parts Fried . | . . . . Impact Corruptions 1 | . . . 1 Robots Melted . | . . . . Combat Hostiles . | . . . . Parts Melted 2 | . 1 1 . Heat Transferred 2326 | . 525 1801 . Parts Sabotaged . | . . . . Parts Stolen . | . . . . Parts Stripped . | . . . . Power Chain Reactions 2 | . 2 . . Alert | -11 -10 -9 -8 ------- Run | Yrd Mat Mat Mat Peak Influence 518 | . 257 494 518 Initial 208 | . . 49 208 Average 233 | . 111 261 298 Maximum Alert Level 2 | . 1 2 2 Low Security (%) 36 | . 72 30 12 Level 1 57 | . 27 58 79 Level 2 6 | . . 10 7 Level 3 . | . . . . Level 4 . | . . . . Level 5 . | . . . . High Security . | . . . . Max Security . | . . . . Squads Dispatched 8 | . 3 1 4 Investigation 2 | . 2 . . Extermination . | . . . . Reinforcement 4 | . 1 1 2 Assault . | . . . . Garrison 2 | . . . 2 Intercept . | . . . . Searches Triggered . | . . . . Construction Impeded 2 | . . . 2 Haulers Reinforced . | . . . . Active Scanning Responses . | . . . . Cargo Convoy Interrupts . | . . . . Stealth | -11 -10 -9 -8 --------- Run | Yrd Mat Mat Mat Distress Signals 6 | . . 2 4 Communications Jammed . | . . . . Distress Signals . | . . . . Times Spotted 84 | . 13 30 41 Peak Tracking Total 11 | . 4 7 11 Tactical Retreats 6 | . 1 1 4 Traps | -11 -10 -9 -8 ------- Run | Yrd Mat Mat Mat Traps Triggered 1 | . . 1 . Indirectly . | . . . . Trap Hack Attempts . | . . . . Triggered . | . . . . Disarmed . | . . . . Reprogrammed . | . . . . Reused . | . . . . Traps Extracted . | . . . . Installed . | . . . . Triggered . | . . . . Machines | -11 -10 -9 -8 ---------- Run | Yrd Mat Mat Mat Machines Disabled 3 | . 3 . . Max in Single Turn 2 | . 2 . . Machines Repaired . | . . . . Machines Dismantled . | . . . . Machines Sabotaged . | . . . . Overloaded Fab Kills . | . . . . Hacking | -11 -10 -9 -8 --------- Run | Yrd Mat Mat Mat Machines Accessed 8 | . 2 4 2 Terminals 6 | . 1 3 2 Fabricators . | . . . . Repair Stations . | . . . . Recycling Units 1 | . 1 . . Scanalyzers 1 | . . 1 . Garrison Access . | . . . . Total Hacks 17 | . 3 10 4 Successful 8 | . 1 6 1 Failed 9 | . 2 4 3 Catastrophic 2 | . . 1 1 Database Lockouts . | . . . . Manual 13 | . 3 6 4 Terminals 15 | . 2 9 4 Fabricators . | . . . . Repair Stations . | . . . . Recycling Units 1 | . 1 . . Scanalyzers 1 | . . 1 . Garrison Access . | . . . . Terminal Hacks 2 | . . 2 . Registered Components 1 | . . 1 . Zone Layout 1 | . . 1 . Fabricator Hacks . | . . . . Repair Station Hacks . | . . . . Recycling Unit Hacks . | . . . . Scanalyzer 1 | . . 1 . Insert Component 1 | . . 1 . Garrison Access Hacks . | . . . . Unauthorized Hacks 5 | . 1 3 1 Terminals 4 | . . 3 1 Botnet 4 | . . 3 1 Fabricators . | . . . . Repair Stations . | . . . . Recycling Units 1 | . 1 . . Monitor 1 | . 1 . . Scanalyzers . | . . . . Garrison Access . | . . . . Data Cores Recovered . | . . . . Used . | . . . . Hacking Detections 6 | . 1 3 2 Full Trace Events . | . . . . Feedback Events . | . . . . Feedback Blocked . | . . . . Robot Schematics Acquired . | . . . . Robots Built . | . . . . Authchips . | . . . . Time . | . . . . Total Robot Build Rating . | . . . . Part Schematics Acquired . | . . . . Parts Built . | . . . . Authchips . | . . . . Time . | . . . . Total Part Build Rating . | . . . . Parts Repaired . | . . . . Time . | . . . . Parts Recycled . | . . . . Recycled Matter . | . . . . Retrieved Matter . | . . . . Retrieved Components . | . . . . Parts Scanalyzed . | . . . . Part Schematics Acquired . | . . . . Parts Damaged . | . . . . Bothacking | -11 -10 -9 -8 ------------ Run | Yrd Mat Mat Mat Used RIF Installer . | . . . . Robots Hacked . | . . . . Non-combat . | . . . . Combat . | . . . . Robot Hacks Applied . | . . . . Relay Couplers Released . | . . . . Fabnet Peak Effective % . | . . . . Robots Rewired . | . . . . Allies Hacked . | . . . . Hacks Repelled . | . . . . Allies | -11 -10 -9 -8 -------- Run | Yrd Mat Mat Mat Total Allies . | . . . . Largest Group . | . . . . Highest-Rated Group . | . . . . Highest-Rated Ally . | . . . . Total Orders . | . . . . Ally Attacks . | . . . . Total Damage . | . . . . Kills . | . . . . Allies Corrupted . | . . . . Allies Melted . | . . . . Intel | -11 -10 -9 -8 ------- Run | Yrd Mat Mat Mat Robot Analysis Total . | . . . . Derelict Logs Recovered . | . . . . Drone Launches . | . . . . Drone Recoveries . | . . . . Exploration | -11 -10 -9 -8 ------------- Run | Yrd Mat Mat Mat Turns Passed 1848 | . 494 768 586 Spaces Moved 895 | 1 290 432 172 Core 8 | . . . 8 Treads . | . . . . Legs 887 | 1 290 432 164 Wheels . | . . . . Hover . | . . . . Flight . | . . . . Fastest Speed 50 | 120 120 120 50 Average Speed 142 | 120 120 120 235 Slowest Speed 260 | 120 120 190 260 Overloaded Moves . | . . . . Propulsion Burnouts . | . . . . Robots Hopped . | . . . . Cave-ins Triggered . | . . . . Exploration Rate (%) 32 | 1 48 59 20 Regions Visited 3 Branch Regions . Pre-discovered Areas . | . . . . Known Exits Taken . | . . . . Unknown Exits Taken 3 | 1 1 1 . Scrap Searched . | . . . . Spaces Dug . | . . . . Terrain Destroyed 20 | . 5 8 7 Melee . | . . . . Projectile 15 | . . 8 7 AOE 5 | . 5 . . Terrain Rammed . | . . . . Walls Destroyed . | . . . . Machines Disabled . | . . . . Actions | -11 -10 -9 -8 --------- Run | Yrd Mat Mat Mat Total 1174 | . 356 559 259 Wait 44 | . . 29 15 Move 892 | . 289 431 172 Hop . | . . . . Pick Up 21 | . 7 7 7 Fast Attach 12 | . 2 5 5 Attach 13 | . 1 4 8 Detach 1 | . 1 . . Swap 9 | . 1 5 3 Drop 19 | . 6 11 2 Fire 153 | . 45 62 46 Melee 1 | . . . 1 Ram . | . . . . Kick 9 | . 4 5 . Crush . | . . . . Escape Stasis . | . . . . Rewire . | . . . . Trap . | . . . . Miscellaneous . | . . . . Route ------- -11/Scrapyard -10/Materials (discovered 2 exits: *Mat / [*Min]) -9/Materials (discovered 3 exits: *Mat / [*Min x2]) -8/Materials History --------- Turn | Location | Event 1 | -11/Scrapyard | Discovered new exit (range 0) 1 | -11/Scrapyard | Entered Materials 180 | -10/Materials | Discovered new exit (range 16) 318 | -10/Materials | Build established: Mutant 348 | -10/Materials | Discovered new exit (range 8) 464 | -10/Materials | Core integrity fell below 50% 495 | -10/Materials | Entered another Materials area 495 | -9/Materials | Evolved 2 slots: Propulsion x1, Utility x1 790 | -9/Materials | Discovered new exit (range 15) 985 | -9/Materials | Discovered new exit (range 6) 1016 | -9/Materials | Build established: Scavenger-Mutant 1113 | -9/Materials | Core integrity fell below 50% 1139 | -9/Materials | Discovered new exit (range 15) 1263 | -9/Materials | Entered another Materials area 1263 | -8/Materials | Evolved 2 slots: Propulsion x1, Utility x1 1527 | -8/Materials | Build established: Mutant 1680 | -8/Materials | Garrison activated, responded to threat 1762 | -8/Materials | Lost 6 parts (1p1n3u1w) 1838 | -8/Materials | Core integrity fell below 50% 1846 | -8/Materials | Core integrity fell below 20% 1848 | -8/Materials | Destroyed 9 combat bots 1849 | -8/Materials | Destroyed by G-47 Trooper with Particle Gun Last Messages --------------- Lgt. Nuclear Core destroyed. R-06 Scavenger collects Lgt. Assault Rifle. U-05 Engineer lays Concrete. Minigun severed. Aluminum Leg destroyed. Critical hit (Burn: +37). U-05 Engineer builds a Wall. U-05 Engineer lays Concrete. Acquired Assault Cannon. U-05 Engineer builds a Wall. R-06 Scavenger collects Minigun. U-05 Engineer builds a Wall. K-01 Serf collects debris. Acquired 11 matter. Assault Cannon destroyed. L-31 Rogue suffers critical hit (Smash). Destroyed Melee Analysis Suite. L-31 Rogue system corrupted by crushing effect. U-05 Engineer builds a Wall. Recycling unit begins recycling process. Map ----- +----------------------------------------------------+ | ?????????????????????????????????????????????????? | | ?????????????????????????????????????????????????? | | ?????????????????????????????????????????????????? | | ?????????????????????????????????????????????????? | | ?????????????????????????????????????????????????? | | ?????????????????????????????????????????????????? | | ?????????????????????????????????????????????????? | | ?????????????????????? ??????????????????????????? | | ?????????????????????? ??????????????????????????? | | ?????????????????????? ??????????????????????????? | | ????????????????????? ??????????????????????????? | | ????????????????????? ??????????????????????????? | | ????????????????????? ??????????????????????????? | | ????????????????????? #?????????????????????????? | | ?????????????????????# #?????????????????????????? | | ?????????????????????# #?????????????????????????? | | ?????????????????????# #?????????????????????????? | | ?????????????????????# #?????????????????????????? | | ????????#######??????# #?????????????????????????? | | ?????? # %######## ######+###########????????? | | ????? # % g % % ?????? | | ????????# % % % % ?????? | | ????????# % b = % % ?????? | | ????????# ##########g### ############??????? | | ????????## ##### %l%g# #?????????????????? | | ?????????# # [*@g #?????????????????? | | ?????????# # lg #?????????????????? | | ???????### + "" !g % #?????????????????? | | ?? # "" #?????????????????? | | # """ [%#% #?????????????????? | | #/ """ *#= +?????????????????? | | ######+### # # ##"" #?????????????????? | | ????? ??# # """ ####??"Y #?????????????????? | | ???? ???# # """ #?????"" #?????????????????? | | ??? ????#^ # """ #?????## %#?????????????????? | | ??? ?????#^ # #???????% [#?????????????????? | | ??? ?????# + #??????? %#?????????????????? | | ?????????# # #??????? #?????????????????? | | ?????????# ########??????? #?????????????????? | | ?????????# #?????????????? #?????????????????? | | ?????????# #?????????????? #?????????????????? | | ?????????# ##?????#####??# #?????????????????? | | ?????????#!= T#?????# ??# #?????????????????? | | ?????????# ! ##?????? ??# #?????????????????? | | ??########[ ##??????? ??+ #?????????????????? | | ??""""" # % #??????? ?# #?????????????????? | | ?"""""" # * #???????? ?# #?????????????????? | | """"""" + ! = #????????? %?# #?????????????????? | | """"""" # = #?????#####+## #?????????????????? | | """"""" # #?????# # ##????????????????? | +----------------------------------------------------+ Best States ------------- Heat Dissipation 41 Energy Generation 14 Energy Capacity 275 Matter Stores 300 Matter Capacity 300 Sight Range 16 Terrain Scan Range 14 Terrain Scan Density 10 Armor Coverage 225 Evasion (%) 55 Targeting Accuracy 16 Item Schematics ----------------- None Robot Schematics ------------------ None Fabricated ------------ Nothing Alien Tech Used ----------------- None Achievements -------------- None Challenges ------------ None Game ------ Seed MicrodissipatorStormReplica Manual? 0 Play Time 00:22:56 Cumulative 74.1 hours Start 2024.10.17 @ 16:55:11 End 2024.10.17 @ 17:15:47 Sessions 1 Manual Loads 0 Difficulty Rogue Special Mode None Game No. 78 Rogue 78 Adventurer 0 Explorer 0 Win Type - Total 2 Types 1/0/0/1/0/0/0/0/0 Lore% 51 Gallery% 43 Achievement% 41 Wizard Run 0 Options --------- Layout 1 ASCII 0 Keyboard 1 Movement Numpad Keybinds 0 Fullscreen 2 Font 20/SmallcapsGlow Map View 54x42 Zoom Use 0% Tactical HUD 0 Map Filters NONE Filters NONE Steam 1 RUN: e67cb74f-6163-49c1-8ff3-07ef5b12af1a